 Dungeon Crawl Stone Soup version 0.18-a0-1157-g59db91b (webtiles) character file.

6168 Gruud the Cleaver (level 10, -3/70 HPs)
             Began as a Demonspawn Gladiator on Jan 23, 2016.
             Was a High Priest of Pakellas.
             Slain by an orc warrior
             ... wielding a +0 halberd
              (15 damage)
             ... on level 9 of the Dungeon.
             The game lasted 00:47:33 (10313 turns).

Gruud the Cleaver (Demonspawn Gladiator)           Turns: 10313, Time: 00:47:34

Health: -3/70      AC: 21    Str: 18    XL:     10   Next: 60%
Magic:  7/15       EV:  6    Int: 11    God:    Pakellas [*****.]
Gold:   254        SH:  0    Dex: 15    Spells: 0 memorised, 9 levels left

rFire  . . .     SeeInvis .     a - +2 battleaxe
rCold  . . .     Gourm    .     M - +4 plate armour
rNeg   . . .     Faith    .     (shield currently unavailable)
rPois  +         Spirit   .     K - +2 hat
rElec  .         Dismiss  .     c - +0 cloak
rCorr  .         Reflect  .     j - +0 pair of gloves
SustAt .         Harm     .     (no boots)
MR     +....                    (no amulet)
Stlth  ..........               t - ring of protection from magic
                                s - ring of poison resistance

@: very slightly contaminated, invisible, somewhat resistant to hostile
enchantments, extremely unstealthy
A: horns 1, rugged brown scales 2, agile 1, demonic guardian 1, foul stench 1,
rot immunity, subdued magic 1, MP-powered wands
a: Quick Charge, Device Surge, Renounce Religion


You were on level 9 of the Dungeon.
You worshipped Pakellas.
Pakellas was extremely pleased with you.
You were hungry.

You visited 2 branches of the dungeon, and saw 10 of its levels.

You collected 476 gold pieces.
You spent 222 gold pieces at shops.

Inventory:

Hand Weapons
 a - a +2 battleaxe (weapon)
 L - a +0 blowgun
Missiles
 d - 4 throwing nets (quivered)
 h - 45 poisoned needles
Armour
 c - a +0 cloak (worn)
 j - a +0 pair of gloves (worn)
 z - a +2 chain mail of positive energy
 K - a +2 hat (worn)
 M - a +4 plate armour (worn)
Rods
 b - a +3 rod of ignition (9/9)
   (Pakellas gifted it to you on level 7 of the Dungeon)
Jewellery
 p - an uncursed amulet of dismissal
 s - a ring of poison resistance (left hand)
 t - a ring of protection from magic (right hand)
 D - an uncursed ring of ice
Wands
 y - a wand of invisibility (0/9)
 A - a wand of invisibility (7/9)
 C - a wand of disintegration (8/24)
 F - a wand of digging (13/24)
 J - a wand of enslavement (7/24)
Scrolls
 o - 4 scrolls of fear
 u - 3 scrolls of remove curse
 w - a scroll of magic mapping
 x - 5 scrolls of teleportation
Potions
 e - 4 potions of magic
 l - a potion of agility {unknown}
 n - a potion of might
 q - a potion of brilliance {unknown}
 r - 2 potions of mutation {unknown}
 v - 5 potions of curing
 B - a potion of haste {unknown}
 E - a potion of flight {unknown}
 G - a potion of resistance {unknown}
Comestibles
 f - 5 bread rations
 i - 10 chunks of flesh
 k - 7 meat rations
 m - 5 beef jerkies
 H - 12 royal jellies
 I - 3 fruits


   Skills:
 - Level 2.0 Fighting
 * Level 12.5 Axes
 - Level 1.7 Throwing
 + Level 3.3 Armour
 - Level 2.6 Dodging
 + Level 7.5 Evocations


You had 9 spell levels left.
You didn't know any spells.

Dungeon Overview and Level Annotations

Branches:
Dungeon (9/15)             Temple (1/1) D:4            Lair (0/8) D:8
    Orc: D:9-12

Altars:
Ashenzari
Cheibriados
Dithmenos
Elyvilon
Fedhas
Gozag
Kikubaaqudgha
Makhleb
Nemelex Xobeh
Okawaru
Pakellas
Qazlal
Ru
Sif Muna
Trog
Vehumet
Xom
Yredelemnul
Zin
The Shining One

Shops:
D:4 ?


Innate Abilities, Weirdness & Mutations

You have a pair of small horns on your head.
You are mostly covered in rugged brown scales (AC +2, +5% HP).
A weak demonic guardian rushes to your aid.
You may emit foul miasma when damaged in melee.
You are immune to rotting.
You are agile. (Dex +2)
Your spells are a little easier to cast, but a little less powerful.
You expend magic power (3 MP) to strengthen your wands.


Message History

The orc warrior barely misses you.
You hit the orc warrior but do no damage.
Your headbutt misses the orc warrior.
The orc warrior is heavily wounded.
The orc warrior hits you but does no damage.
You catch the helpless orc warrior completely off-guard!
You hit the orc warrior but do no damage.
The orc warrior is heavily wounded.
You closely miss the orc warrior.
You headbutt the orc warrior, but do no damage.
The orc warrior is heavily wounded.
The orc warrior barely misses you.
You closely miss the orc warrior.
The orc warrior is heavily wounded.
The orc warrior hits you with a halberd!
* * * LOW HITPOINT WARNING * * *
Drink which item? (? for menu, Esc to quit)
You feel better.
The orc warrior hits you with a halberd!
You die...

...####.....#.#.## .
..........
....^............#
..........
...#....)........# #######
.. .......#.........#
....... ##
.......#.........# .......
.......#.........# .......
#......#)........# .......
#......#(#.#.>...# .......
#.#....#(#......@###)......
#[.....#(###.....o.))....o.
#......#(# #.....###)......
#......#.# #<....# #......
#......#.# #.....# ##.#..
#......#.# ##...## # .
#......#.# #...# #......#.#
#...# #.#.#..#.# #.###


You could see an orc warrior.

Vanquished Creatures
  Pikel (D:6)
  A manticore (D:8)
  Joseph (D:7)
  Sigmund (D:6)
  A hungry ghost (D:9)
  A hippogriff (D:8)
  The ghost of nublet the Chiller, an amateur CeIE (D:3)
  Menkaure (D:7)
  Edmund (D:4)
  A sky beast (D:9)
  2 orc warriors
  A phantom (D:3)
  2 ice beasts (D:7)
  An eye of draining (D:9)
  A slave (D:6)
  4 ogres
  2 centaurs
  A big kobold (D:8)
  6 giant frogs
  A gnoll sergeant (D:4)
  A wyvern skeleton (D:9)
  2 scorpions (D:5)
  3 killer bees (D:8)
  5 wights (D:7)
  6 crimson imps
  A centaur zombie (D:5)
  6 jellies
  A quasit (D:5)
  3 hounds
  5 orc priests
  Crazy Yiuf (D:2)
  3 gnoll shamans (D:4)
  A giant frog skeleton (D:7)
  6 orc wizards
  An iguana (D:4)
  A worker ant (D:4)
  Natasha (twice) (D:2)
  Robin (D:2)
  7 adders
  43 gnolls
  2 shadow imps
  9 oozes
  2 adder skeletons (D:4)
  2 worms (D:2)
  8 giant geckos
  41 orcs
  4 giant cockroaches
  13 goblins
  12 hobgoblins
  21 jackals
  16 kobolds
  4 quokkas
  12 bats
  2 giant newts
  2 quokka skeletons
  9 rats
289 creatures vanquished.

Vanquished Creatures (collateral kills)
  A shadow (D:6)
  2 black bears
  An ogre (D:7)
  Blork the orc (D:4)
  A killer bee (D:8)
  An orc (D:7)
  A giant newt (D:6)
8 creatures vanquished.

Vanquished Creatures (others)
  A killer bee (D:8)
  A gnoll shaman (D:4)
  2 orc wizards (D:4)
  A worker ant (D:4)
  A gnoll (D:4)
  An ooze (D:4)
  6 orcs
  3 jackals (D:4)
  7 toadstools (D:1)
23 creatures vanquished.

Grand Total: 320 creatures vanquished

Notes
Turn   | Place    | Note
--------------------------------------------------------------
     0 | D:1      | Gruud the Demonspawn Gladiator began the quest for the Orb.
     0 | D:1      | Reached XP level 1. HP: 16/16 MP: 1/1
   214 | D:1      | Reached skill level 3 in Axes
   276 | D:1      | Gained mutation: You have a pair of small horns on your head. [demonic ancestry]
   276 | D:1      | Reached XP level 2. HP: 6/22 MP: 2/2
   769 | D:1      | Gained mutation: You are partially covered in rugged brown scales (AC +1, +3% HP). [demonic ancestry]
   769 | D:1      | Reached XP level 3. HP: 18/27 MP: 3/3
  1102 | D:1      | Reached skill level 4 in Axes
  1646 | D:2      | Found a shattered altar of Ashenzari.
  1686 | D:2      | Gained mutation: You are immune to rotting. [demonic ancestry]
  1686 | D:2      | Reached XP level 4. HP: 2/33 MP: 4/4
  2374 | D:2      | Noticed Robin
  2383 | D:2      | Reached skill level 5 in Axes
  2398 | D:2      | Killed Robin
  2595 | D:2      | Noticed Natasha
  2608 | D:2      | Killed Natasha
  2608 | D:2      | Reached XP level 5. HP: 39/39 MP: 5/5
  2751 | D:2      | Noticed Crazy Yiuf
  2759 | D:2      | Killed Crazy Yiuf
  2850 | D:2      | Noticed Natasha
  2857 | D:2      | Killed Natasha
  3229 | D:3      | Noticed nublet's ghost (amateur CeIE)
  3269 | D:3      | Killed nublet's ghost
  3269 | D:3      | Reached skill level 6 in Axes
  3269 | D:3      | Gained mutation: You may emit foul miasma when damaged in melee. [demonic ancestry]
  3269 | D:3      | Reached XP level 6. HP: 32/45 MP: 6/6
  3580 | D:3      | Reached skill level 7 in Axes
  4262 | D:4      | Found a staircase to the Ecumenical Temple.
  4271 | Temple   | Entered the Ecumenical Temple
  4278 | Temple   | Became a worshipper of Pakellas the Inventive
  4372 | D:4      | Found Ceasm's Magic Scroll Shoppe.
  4381 | D:4      | Bought a scroll of fear for 42 gold pieces
  4381 | D:4      | Bought a scroll of fear for 42 gold pieces
  4381 | D:4      | Bought a scroll of fear for 42 gold pieces
  4381 | D:4      | Bought a scroll of identify for 24 gold pieces
  4394 | D:4      | Reached skill level 1 in Evocations
  4394 | D:4      | Reached XP level 7. HP: 37/51 MP: 7/7
  4483 | D:4      | Found a basalt altar of Yredelemnul.
  4548 | D:4      | Found a radiant altar of Vehumet.
  4849 | D:4      | Reached * piety under Pakellas
  5026 | D:4      | Reached skill level 8 in Axes
  5460 | D:4      | Bought a scroll of teleportation for 36 gold pieces
  5502 | D:4      | Gained mutation: A weak demonic guardian rushes to your aid. [demonic ancestry]
  5502 | D:4      | Reached XP level 8. HP: 27/57 MP: 8/10
  5761 | D:4      | Reached ** piety under Pakellas
  5761 | D:4      | Received a gift from Pakellas
  6298 | D:4      | Noticed Blork the orc
  6317 | D:4      | Killed Blork the orc
  6317 | D:4      | Reached skill level 9 in Axes
  6549 | D:4      | Noticed Edmund
  6562 | D:4      | Killed Edmund
  6598 | D:4      | Bought a scroll of teleportation for 36 gold pieces
  6653 | D:5      | Entered Level 5 of the Dungeon
  6685 | D:6      | Reached *** piety under Pakellas
  7049 | D:5      | Reached skill level 10 in Axes
  7397 | D:6      | Noticed Pikel
  7404 | D:6      | Reached XP level 9. HP: 60/62 MP: 8/12
  7436 | D:6      | Killed Pikel
  7436 | D:6      | Reached skill level 5 in Evocations
  7699 | D:6      | Noticed Sigmund
  7716 | D:6      | Killed Sigmund
  7902 | D:6      | Reached skill level 11 in Axes
  7979 | D:7      | Reached **** piety under Pakellas
  7979 | D:7      | Received a gift from Pakellas
  8042 | D:7      | Identified a +3 rod of ignition (9/9) (Pakellas gifted it to you on level 7 of the Dungeon)
  8294 | D:7      | Noticed Joseph
  8312 | D:7      | Killed Joseph
  8312 | D:7      | Reached skill level 1 in Armour
  8312 | D:7      | Gained mutation: You are mostly covered in rugged brown scales (AC +2, +5% HP). [demonic ancestry]
  8312 | D:7      | Reached XP level 10. HP: 33/70 MP: 12/15
  8477 | D:7      | Noticed Menkaure
  8486 | D:7      | Killed Menkaure
  8976 | D:8      | Found a staircase to the Lair.
  9347 | D:8      | Reached skill level 12 in Axes
  9539 | D:8      | Noticed a manticore
  9540 | D:8      | Reached ***** piety under Pakellas
  9551 | D:8      | Killed a manticore
  9954 | D:9      | Gained mutation: Your spells are a little easier to cast, but a little less powerful. [mutagenic meat]
  9955 | D:9      | Gained mutation: You expend magic power (3 MP) to strengthen your wands. [mutagenic meat]
  9956 | D:9      | Gained mutation: You are agile. (Dex +2) [mutagenic meat]
 10306 | D:9      | HP: 2/70 [orc warrior/halberd (18)]
 10313 | D:9      | Slain by an orc warrior

Vault maps used:
D:1:      nagdon_arrival_double_spiral
D:2:      evilmike_ruin_ashenzari, uniq_robin, uniq_natasha,
          uniq_crazy_yiuf_cottage
D:4:      lemuel_castle_with_subvaults, grunt_temple_overflow_open,
          lemuel_temple_firewalk_marked, serial_shops, shop, uniq_edmund,
          uniq_blork_the_orc
D:5:      first_bread
D:6:      uniq_sigmund, uniq_pikel
D:7:      uniq_joseph, uniq_menkaure
D:8:      dpeg_oklobed_lair, hangedman_little_slice_of_home
D:9:      david_orc_5, lightli_fourway_metalbox
Temple:   nicolae_temple_no_exploring_needed

Action                   |  1- 3 |  4- 6 |  7- 9 | 10-12 || total
-------------------------+-------+-------+-------+-------++-------
Melee: War axe           |   112 |   190 |    38 |       ||   340
       Broad axe         |       |       |   424 |       ||   424
       Battleaxe         |       |       |    44 |   182 ||   226
Throw: Throwing net      |       |     3 |       |       ||     3
Invok: Quick Charge      |       |       |     5 |     4 ||     9
Evoke: Wand              |       |       |     7 |     2 ||     9
       Rod               |       |       |     1 |     4 ||     5
  Use: Scroll            |     4 |     4 |     5 |     3 ||    16
       Potion            |       |     4 |     3 |     3 ||    10
 Stab: Invisible         |       |       |    22 |     6 ||    28
       Distracted        |       |       |     2 |     1 ||     3
  Eat: Chunk             |     3 |     8 |    16 |    10 ||    37
       Bread ration      |       |       |       |     1 ||     1
